 Dungeon Crawl Stone Soup version 0.17-a0-2158-g6d76252 (webtiles) character file.

4779 Hanibal the Thaumaturge (level 10, -16/50 HPs)
             Began as a Deep Elf Wizard on Oct 25, 2015.
             Was a Believer of Vehumet.
             Demolished by Frontstab's ghost (21 damage)
             ... on level 8 of the Dungeon.
             The game lasted 00:32:13 (9500 turns).

Hanibal the Thaumaturge (Deep Elf Wizard)           Turns: 9500, Time: 00:32:13

Health: -16/50     AC:  5    Str:  8    XL:     10   Next: 23%
Magic:  29/29      EV:  8    Int: 27    God:    Vehumet [**....]
Gold:   391        SH:  5    Dex: 13    Spells: 5 memorised, 24 levels left

rFire  . . .     SeeInvis .     t - staff of poison
rCold  . . .     Clarity  .     a - +0 robe
rNeg   . . .     SustAt   .     n - +0 buckler
rPois  +         Gourm    .     b - +0 hat
rElec  .         Spirit   .     (no cloak)
rCorr  .         Warding  .     O - +0 pair of gloves
rMut   .         Stasis   .     r - +1 pair of boots
MR     ++...                    E - amulet of regeneration
Stlth  ++........               L - ring of protection from magic
                                q - +4 ring of strength

@: repel missiles, very resistant to hostile enchantments, unstealthy
A: no striking features
a: Renounce Religion


You were on level 8 of the Dungeon.
You worshipped Vehumet.
Vehumet was pleased with you.
You were very hungry.

You visited 3 branches of the dungeon, and saw 10 of its levels.

You collected 391 gold pieces.

Inventory:

Hand Weapons
 C - a +2 long sword of protection
 G - the +7 dagger "Xacvas" {freeze, Str+3 Int+5 Dex-4}
   (You found it on level 1 of the Lair of Beasts)

   It has been specially enchanted to freeze those struck by it, causing extra
   injury to most foes and up to half again as much damage against particularly
   susceptible opponents.
   It can also slow down cold-blooded creatures.
   It affects your strength (+3).
   It affects your intelligence (+5).
   It affects your dexterity (-4).
Armour
 a - a +0 robe (worn)
 b - a +0 hat (worn)
 n - a +0 buckler (worn)
 r - a +1 pair of boots (worn)
 O - a +0 pair of gloves (worn)
Magical Staves
 t - an uncursed staff of poison (weapon)
Jewellery
 f - an uncursed amulet of warding
 l - an uncursed amulet of the gourmand
 q - a +4 ring of strength (left hand)
 s - an uncursed ring of stealth
 w - an uncursed ring of protection from fire
 y - an uncursed ring of protection from cold
 E - an amulet of regeneration (around neck)
 L - a ring of protection from magic (right hand)
 P - an uncursed ring of see invisible
Wands
 M - a wand of draining (12)
Scrolls
 m - a scroll of amnesia {unknown}
 o - 4 scrolls of remove curse
 u - a scroll of teleportation
 v - a scroll of fear
 D - 3 scrolls of enchant armour
 F - a scroll of blinking
 H - a scroll of recharging
 K - 3 scrolls of enchant weapon
 U - a scroll of magic mapping
Potions
 e - a potion of heal wounds
 i - a potion of brilliance {unknown}
 k - a potion of flight {unknown}
 p - a potion of cancellation {unknown}
 x - 5 potions of curing
 z - 2 potions of ambrosia
 A - 3 potions of lignification {unknown}
 B - 2 potions of agility {unknown}
 I - 2 potions of might {unknown}
 J - a potion of degeneration {unknown}
 N - 2 potions of poison {unknown}
Books
 c - a book of Minor Magic

   Spells                             Type                      Level
   a - Magic Dart                     Conjuration                  1
   b - Blink                          Translocation                2
   c - Call Imp                       Summoning                    2
   d - Repel Missiles                 Charms/Air                   2
   e - Slow                           Hexes                        2
   f - Conjure Flame                  Conjuration/Fire             3
   g - Mephitic Cloud                 Conjuration/Poison/Air       3
 g - the Guide on the Helpful Entourage
   (You found it on level 1 of the Lair of Beasts)

   Spells                             Type                      Level
   a - Call Imp                       Summoning                    2
   b - Spectral Weapon                Hexes/Charms                 3
   c - Summon Ice Beast               Ice/Summoning                4
   d - Iskenderun's Battlesphere      Conjuration/Charms           5
   e - Aura of Abjuration             Summoning                    5
 R - a book of Transfigurations

   Spells                             Type                      Level
   a - Stoneskin                      Transmutation/Earth          2
   b - Irradiate                      Conjuration/Transmutation    5
   c - Statue Form                    Transmutation/Earth          6
   d - Hydra Form                     Transmutation                6
   e - Dragon Form                    Transmutation                7
Comestibles
 d - 8 bread rations
 h - 12 fruits
 j - 4 meat rations
 Q - 2 royal jellies
 S - 2 beef jerkies
 T - 7 slices of pizza


   Skills:
 + Level 3.1 Dodging
 - Level 2.4 Stealth
 - Level 4.3 Shields
 - Level 13.1 Spellcasting
 + Level 10.7 Conjurations
   Level 1.1 Summonings
 - Level 1.1 Translocations


You had 24 spell levels left.
You knew the following spells:

 Your Spells              Type           Power        Failure   Level  Hunger
a - Magic Dart            Conj           ####         1%          1    None
b - Blink                 Tloc           N/A          3%          2    None
c - Repel Missiles        Chrm/Air       ###...       6%          2    None
d - Conjure Flame         Conj/Fire      #####...     1%          3    None
e - Mephitic Cloud        Conj/Pois/Air  ######..     2%          3    None


Dungeon Overview and Level Annotations

Branches:
Dungeon (8/15)             Temple (1/1) D:6            Lair (1/8) D:8

Altars:
Ashenzari
Cheibriados
Dithmenos
Elyvilon
Fedhas
Gozag
Kikubaaqudgha
Makhleb
Nemelex Xobeh
Okawaru
Qazlal
Ru
Sif Muna
Trog
Vehumet
Xom
Zin
The Shining One

Shops:
D:8 *

Annotations:
D:8 Frontstab's ghost, novice OpBe


Message History

Done exploring.
Done exploring.
Done exploring.
(D) Dungeon (T) Temple (L) Lair
Where to? (Enter - D:8, ? - help)
What level of the Dungeon? (default 8, ? - help)
Okay, then.
There is a staircase back to the Dungeon here.
You can't go down here!
You climb upwards.
Welcome back to the Dungeon!
Level annotation: Frontstab's ghost, novice OpBe Frontstab's ghost barely misses you.
Frontstab's ghost hits you but does no damage.
You are electrocuted!
There is a staircase to the Lair here.
The hill giant hits you with a giant spiked club!!
Ouch! That really hurt!
* * * LOW HITPOINT WARNING * * *
Frontstab's ghost hits you!!
You die...

,,,,,.***,,,,*#.####
,,,,,..,,,,,,*#....#
,****...,,,,,*#...[#
,* *,..Z,,,,*#....#
## ,*
**,*#..,**##....##
#########.
,***,..#...###......#
#.........
,,,,,Z..............#
#.......##
,,,*,..###.###......#
#.......# ,,,**,**
#,**#.C@...#
#.......# ,,,,,,*
#...Z.W....#
#...(..[##
,,,,,,***#..#########
#.........
,,,,,,,,...,*
##.#######
*****,,,..,,* #.#
****#**** #.# #.# #.#
#.#


You could see a hill giant, Frontstab's ghost and a giant gecko skeleton.

Vanquished Creatures
  The ghost of Frontstab the Sneak, a novice OpBe of Trog (D:5)
  A spiny frog (Lair:1)
  A black mamba (Lair:1)
  A wyvern (D:8)
  A human (D:7)
  A hungry ghost (D:8)
  4 hippogriffs (Lair:1)
  3 water moccasins (Lair:1)
  2 porcupines (Lair:1)
  A black bear (Lair:1)
  2 ice beasts (D:7)
  4 ogres
  2 centaurs
  A crocodile (Lair:1)
  4 giant frogs
  A water moccasin zombie (D:8)
  A scorpion (D:7)
  5 killer bees (D:7)
  3 crimson imps
  An electric eel (D:7)
  3 hounds
  An orc wizard (D:7)
  A giant frog skeleton (D:6)
  A centaur skeleton (D:7)
  A gnoll shaman (D:5)
  3 iguanas
  7 worker ants
  4 sheep (D:7)
  9 river rats (Lair:1)
  11 adders
  3 gnolls (D:5)
  A shadow imp (D:8)
  2 adder skeletons (D:5)
  4 worms
  6 giant geckos
  8 orcs
  3 ball pythons
  5 giant cockroaches
  11 goblins
  3 hobgoblins
  6 quokkas
  5 bats
  A giant gecko zombie (D:5)
  9 giant newts
  10 jackals
  4 kobolds (D:1)
  2 quokka skeletons
  4 rats
168 creatures vanquished.

Vanquished Creatures (others)
  A fungus (Lair:1)
1 creature vanquished.

Grand Total: 169 creatures vanquished

Notes
Turn   | Place    | Note
--------------------------------------------------------------
     0 | D:1      | Hanibal the Deep Elf Wizard began the quest for the Orb.
     0 | D:1      | Reached XP level 1. HP: 10/10 MP: 7/7
   334 | D:1      | Reached XP level 2. HP: 15/15 MP: 4/9
   466 | D:1      | Reached skill level 5 in Spellcasting
   977 | D:2      | You fall through a shaft for 2 floors!
  1008 | D:4      | Learned a level 2 spell: Blink
  1011 | D:4      | Learned a level 2 spell: Repel Missiles
  1045 | D:4      | Reached XP level 3. HP: 13/19 MP: 2/11
  1457 | D:4      | Reached XP level 4. HP: 10/24 MP: 4/13
  1746 | D:4      | Reached skill level 6 in Spellcasting
  1978 | D:4      | Learned a level 3 spell: Conjure Flame
  1982 | D:4      | Learned a level 3 spell: Mephitic Cloud
  1993 | D:4      | Noticed an ogre
  2006 | D:4      | Killed an ogre
  2006 | D:4      | Reached XP level 5. HP: 26/28 MP: 1/16
  2434 | D:3      | Noticed an air elemental
  2436 | D:3      | Found a stormy altar of Qazlal.
  2444 | D:3      | Noticed a fire elemental
  2445 | D:3      | Noticed a water elemental
  2792 | D:3      | Reached skill level 7 in Spellcasting
  3220 | D:2      | Reached XP level 6. HP: 32/32 MP: 16/18
  3541 | D:2      | Found a burning altar of Makhleb.
  3541 | D:2      | Noticed a blizzard demon
  3544 | D:2      | Noticed a neqoxec
  3544 | D:2      | Noticed a neqoxec
  3630 | D:2      | Found a sacrificial altar of Ru.
  3698 | D:5      | Entered Level 5 of the Dungeon
  3821 | D:5      | Noticed Frontstab's ghost (novice OpBe)
  3900 | D:6      | Found a shadowy altar of Dithmenos.
  3915 | D:6      | Reached skill level 5 in Conjurations
  4086 | D:6      | Found a sparkling altar of Nemelex Xobeh.
  4097 | D:6      | Found a staircase to the Ecumenical Temple.
  4116 | Temple   | Entered the Ecumenical Temple
  4231 | Temple   | Became a worshipper of Vehumet
  4345 | D:6      | Reached skill level 8 in Spellcasting
  4643 | D:6      | Reached XP level 7. HP: 19/36 MP: 6/20
  4744 | D:5      | Found a shattered altar of Ashenzari.
  4980 | D:5      | Killed Frontstab's ghost
  4980 | D:5      | Reached skill level 9 in Spellcasting
  5273 | D:5      | Reached XP level 8. HP: 34/41 MP: 15/23
  5477 | D:5      | Reached * piety under Vehumet
  5477 | D:5      | Offered knowledge of Sting by Vehumet.
  5946 | D:6      | Reached skill level 10 in Spellcasting
  6023 | D:6      | Found a bloodstained altar of Trog.
  6211 | D:6      | Reached skill level 1 in Shields
  6411 | D:7      | Found a sparkling altar of Nemelex Xobeh.
  6900 | D:7      | Reached XP level 9. HP: 45/45 MP: 17/25
  7066 | D:7      | Reached skill level 11 in Spellcasting
  7072 | D:7      | Reached ** piety under Vehumet
  7072 | D:7      | Offered knowledge of Shock by Vehumet.
  7209 | D:7      | Found a blossoming altar of Fedhas.
  7554 | D:8      | Found Entuwea's Assorted Antiques.
  7585 | D:8      | Found a deep blue altar of Sif Muna.
  7642 | D:8      | Found an opulent altar of Gozag.
  7813 | D:8      | Found a staircase to the Lair.
  7825 | D:8      | Noticed a hill giant
  7868 | D:8      | Noticed Frontstab's ghost (novice OpBe)
  7868 | D:8      | Found an ancient bone altar of Kikubaaqudgha.
  7874 | Lair:1   | Entered Level 1 of the Lair of Beasts
  7994 | Lair:1   | Reached skill level 12 in Spellcasting
  8059 | Lair:1   | Noticed a spiny frog
  8084 | Lair:1   | Got a polished dagger
  8124 | Lair:1   | Killed a spiny frog
  8124 | Lair:1   | Reached skill level 10 in Conjurations
  8305 | Lair:1   | Noticed a black mamba
  8313 | Lair:1   | Killed a black mamba
  8313 | Lair:1   | Reached XP level 10. HP: 32/50 MP: 20/28
  8344 | Lair:1   | Identified the +7 dagger "Xacvas" {freeze, Str+3 Int+5 Dex-4} (You found it on level 1 of the Lair of Beasts)
  8455 | Lair:1   | Offered knowledge of Static Discharge by Vehumet.
  8765 | Lair:1   | Reached skill level 13 in Spellcasting
  9116 | Lair:1   | Identified the Guide on the Helpful Entourage
  9500 | D:8      | Demolished by Frontstab's ghost

Vault maps used:
D:1:      enne_arrival_octagon_isle, kennysheep_crisscross
D:2:      nicolae_ru_path_of_blood, makhleb_altar_promises_db
D:3:      nicolae_qazlal_style_of_elements, grunt_decor_cap
D:4:      lightli_sewer_entry_pipes
D:5:      kennysheep_mini_moat, first_bread
D:6:      bloody_trog, nicolae_dithmenos_the_darkroom, temple_green, basic_altar
D:7:      fedhas_altar_fruit_tree, minivault_4, grunt_livestock,
          minmay_misc_feat_room, nemelex_deck
D:8:      lemuel_doored_altar, lemuel_crystal_altar, nicolae_gozag_seed_capital,
          nicolae_overflow_crystal_walls, serial_shops, shop
Temple:   jpeg_temple_alley_garden_8

Action                   |  1- 3 |  4- 6 |  7- 9 | 10-12 || total
-------------------------+-------+-------+-------+-------++-------
Melee: Staff             |       |     3 |       |     1 ||     4
 Cast: Magic Dart        |    73 |   170 |   369 |   105 ||   717
       Repel Missiles    |     1 |       |     1 |       ||     2
       Mephitic Cloud    |       |     4 |     8 |     2 ||    14
       Conjure Flame     |       |     2 |    13 |     1 ||    16
       Blink             |       |       |     6 |    10 ||    16
  Use: Scroll            |       |     5 |     7 |       ||    12
       Potion            |       |     1 |     2 |       ||     3
  Eat: Chunk             |       |    18 |    26 |     3 ||    47
